Map: Cactus Valley LE (Void)

Players

IIIIIIIIIIII

  • Race: Zerg Zerg
  • League: Master
  • Spawn Location: 5:00

Railgan - Winner!

  • Race: Zerg Zerg
  • League: Grandmaster
  • Spawn Location: 7:00

VOD

Have the link to the VOD?

Description

Time

  • Played on: March 10, 2017, 11:28 a.m.
  • Length: 5:43
Show
View Real Time Build Order
Export as new Build Order

IIIIIIIIIIII Zerg 

Build Orders: Hatch First 

Get SALT Encoding   

  12  0:00  Drone  
  13  0:12  Overlord  
  13  0:18  Drone  
  14  0:31  Drone x2  
  14  0:34  Drone  
  17  0:52  Hatchery  
  17  0:54  Drone  
  17  0:57  Drone  
  17  1:00  Extractor  
  17  1:07  Drone  
  18  1:18  Spawning Pool  
  17  1:19  Drone  
  18  1:29  Drone  
  19  1:39  Overlord  
  19  2:04  Metabolic Boost  
  19  2:05  Zergling x2, Queen x2  
  19  2:06  Zergling x2  
  19  2:07  Zergling x2  
  26  2:11  Drone  
  26  2:14  Drone  
  28  2:22  Drone  
  29  2:25  Baneling Nest  
  29  2:26  Drone  
  29  2:36  Drone  
  30  2:37  Drone  
  31  2:48  Overlord  
  31  2:51  Drone  
  31  3:00  Hatchery  
  30  3:19  Drone x3  
  33  3:21  Drone  
  33  3:23  Drone x2  
  33  3:25  Drone x3  
  33  3:26  Drone  
  40  3:30  Drone  
  40  3:33  Drone  
  42  3:38  Drone  
  43  3:44  Drone  
  42  3:51  Extractor  
  42  3:53  Roach Warren  
  42  3:54  Drone x3  
  43  3:56  Overlord  
  43  3:57  Overlord  
  43  4:10  Overlord  
  43  4:11  Overlord  
  43  4:14  Zergling x2  
  43  4:15  Zergling x6  
  43  4:16  Queen  
  49  4:21  Evolution Chamber  
  49  4:23  Lair  
  48  4:33  Roach x4  
  48  4:35  Roach  
  48  4:38  Roach  
  60  4:41  Roach  
  62  4:48  Roach x3  
  65  4:57  Roach x2  
  65  4:58  Roach  
  68  5:01  Roach x2  
  72  5:09  Ravager  
  72  5:10  Roach x2  
  72  5:11  Zergling x4  
Show
View Real Time Build Order
Export as new Build Order

Railgan Zerg - Winner!

Build Orders: Hatch First 

Get SALT Encoding   

  12  0:01  Drone  
  13  0:12  Overlord  
  13  0:17  Drone  
  14  0:30  Drone x2  
  16  0:38  Drone  
  17  0:48  Drone  
  18  0:55  Hatchery  
  17  0:58  Drone  
  17  1:03  Extractor  
  17  1:13  Spawning Pool  
  17  1:17  Drone  
  17  1:19  Drone  
  18  1:28  Drone  
  19  1:39  Overlord  
  19  1:52  Drone  
  20  1:59  Queen  
  20  2:00  Zergling x2  
  23  2:07  Drone  
  24  2:09  Queen  
  24  2:10  Drone  
  24  2:14  Metabolic Boost  
  27  2:18  Drone  
  27  2:22  Zergling x2  
  29  2:31  Drone  
  29  2:32  Drone  
  29  2:35  Baneling Nest  
  30  2:38  Queen  
  30  2:43  Overlord  
  32  2:45  Drone  
  33  2:58  Drone x2  
  35  3:03  Drone  
  35  3:04  Drone  
  37  3:10  Drone x2  
  38  3:14  Drone, Zergling x2  
  40  3:21  Baneling x2  
  40  3:26  Drone x2  
  42  3:28  Roach Warren, Zergling x4  
  43  3:34  Zergling x2  
  43  3:35  Baneling x2  
  43  3:40  Extractor  
  43  3:42  Overlord  
  44  3:49  Overlord  
  44  3:57  Overlord  
  42  4:03  Overlord  
  42  4:08  Roach x6  
  54  4:18  Zergling x2  
  54  4:21  Zergling x2  
  54  4:22  Zergling x4  
  58  4:32  Zergling x8  
  58  4:34  Hatchery  
  61  4:40  Zergling x4  
  61  4:43  Baneling x2  
  63  4:51  Zergling x4  
  64  4:53  Roach  
  64  4:54  Roach  
  64  4:55  Zergling x2  
  64  4:59  Roach  
  71  5:00  Zergling x6  
  68  5:17  Roach x2  
  67  5:21  Zergling x2  
Tags
 
Add a new tag
Caveats
  • Supply blocks, unpowered buildings, or Contaminate may cause inaccurate times.
  • Supply counts are checked every 10 seconds.